Map: [ESL] Solaris

Players

Nanami - Winner!

  • Race: Protoss Protoss
  • Spawn Location: 7:00

Nice

  • Race: Protoss Protoss
  • Spawn Location: 1:00

Event: ESL SC2 Masters 2023 Winter (Regional)

VOD

Have the link to the VOD?

Description

Time

  • Played on: Nov. 11, 2023, 6:22 a.m.
  • Length: 9:13

All games in this series

Show
View Real Time Build Order
Export as new Build Order

Nanami Protoss - Winner!

Build Orders:  

Get SALT Encoding   

  12  0:00  Probe  
  13  0:12  Probe  
  14  0:17  Pylon  
  14  0:24  Probe (Chrono Boost)  
  16  0:37  Gateway, Probe (Chrono Boost)  
  16  0:42  Probe (Chrono Boost)  
  16  0:46  Assimilator  
  17  0:51  Probe  
  18  0:58  Assimilator  
  18  1:03  Probe (Chrono Boost)  
  19  1:11  Gateway  
  19  1:13  Probe (Chrono Boost)  
  20  1:18  Probe (Chrono Boost)  
  20  1:24  Cybernetics Core  
  21  1:30  Probe  
  22  1:34  Pylon  
  22  1:42  Probe  
  23  1:54  Probe  
  23  2:00  Warp Gate (Chrono Boost)  
  24  2:01  Stalker x2  
  24  2:06  Probe  
  29  2:14  Pylon  
  29  2:31  Stalker x2  
  33  2:40  Gateway  
  32  3:01  Stalker x2  
  32  3:02  Shield Battery  
  36  3:16  Gateway  
  36  3:28  Pylon  
  36  3:43  Stalker  
  36  3:47  Stalker x2  
  40  4:06  Nexus  
  40  4:12  Twilight Council, Probe  
  40  4:22  Stalker  
  42  4:24  Probe  
  43  4:37  Probe  
  44  4:39  Stalker  
  44  4:40  Blink (Chrono Boost)  
  46  4:49  Probe  
  46  4:52  Pylon  
  46  5:01  Probe  
  47  5:07  Robotics Facility  
  47  5:13  Probe  
  48  5:18  Stalker  
  48  5:19  Probe  
  51  5:26  Stalker  
  51  5:33  Shield Battery  
  53  5:43  Stalker  
  53  5:45  Sentry  
  53  5:49  Probe x2  
  57  5:55  Observer (Chrono Boost)  
  58  5:59  Stalker  
  58  6:01  Probe x2  
  62  6:07  Pylon  
  62  6:14  Pylon  
  62  6:21  Observer  
  62  6:23  Gateway  
  63  6:25  Probe, Stalker  
  63  6:27  Sentry  
  63  6:28  Gateway  
  63  6:29  Probe  
  63  6:30  Phoenix  
  68  6:33  Stalker  
  68  6:37  Probe  
  71  6:41  Probe  
  72  6:48  Charge (Chrono Boost)  
  72  6:52  Stalker x2  
  72  6:53  Phoenix  
  76  7:00  Pylon  
  78  7:05  Gateway  
  76  7:10  Gateway  
  76  7:15  Gateway  
  76  7:16  Gateway  
  76  7:21  Observer  
  76  7:30  Stalker x3  
  76  7:34  Warp Prism (Chrono Boost)  
  84  7:54  Pylon  
  84  7:55  Nexus  
  84  8:03  Pylon  
  84  8:10  Zealot  
  84  8:12  Zealot x2  
  90  8:19  Zealot x2  
  94  8:29  Zealot x3  
  94  8:30  Sentry  
  100  8:44  Stalker  
  100  8:45  Stalker  
  100  8:47  Stalker  
  100  8:50  Stalker  
  100  8:54  Zealot  
  95  9:03  Zealot  
  95  9:04  Zealot  
  95  9:09  Zealot  
Show
View Real Time Build Order
Export as new Build Order

Nice Protoss 

Build Orders: Oracle Opening 

Get SALT Encoding   

  12  0:00  Probe  
  13  0:12  Probe  
  14  0:17  Pylon  
  14  0:24  Probe (Chrono Boost)  
  16  0:36  Probe (Chrono Boost)  
  16  0:37  Gateway  
  16  0:41  Probe (Chrono Boost)  
  16  0:46  Assimilator  
  17  0:53  Probe (Chrono Boost)  
  17  0:54  Assimilator  
  18  1:05  Probe (Chrono Boost)  
  18  1:07  Gateway  
  19  1:14  Probe (Chrono Boost)  
  20  1:19  Probe  
  20  1:24  Cybernetics Core  
  21  1:31  Probe  
  22  1:36  Pylon  
  22  1:43  Probe  
  23  1:55  Probe  
  23  2:00  Warp Gate, Adept x2  
  28  2:09  Pylon  
  28  2:15  Pylon  
  28  2:27  Stargate  
  28  2:28  Probe  
  29  2:34  Stalker  
  31  2:39  Stalker  
  32  3:06  Nexus  
  32  3:11  Oracle (Chrono Boost)  
  35  3:24  Shield Battery  
  35  3:34  Pylon  
  35  3:44  Pylon  
  35  3:50  Oracle  
  34  4:02  Stalker x2  
  34  4:04  Probe  
  34  4:05  Robotics Facility  
  39  4:16  Probe  
  40  4:22  Pylon  
  40  4:27  Pylon  
  40  4:36  Gateway  
  40  4:39  Pylon  
  40  4:40  Probe  
  40  4:43  Sentry  
  43  4:49  Warp Prism (Chrono Boost), Adept  
  43  4:52  Probe  
  45  5:04  Probe  
  46  5:09  Oracle  
  48  5:15  Stalker  
  48  5:18  Stalker  
  52  5:40  Nexus  
  52  5:44  Probe (Chrono Boost)  
  52  5:48  Observer  
  54  5:55  Probe (Chrono Boost)  
  54  5:56  Pylon  
  55  6:05  Adept  
  55  6:07  Probe  
  55  6:09  Observer  
  59  6:19  Probe  
  59  6:20  Shield Battery  
  59  6:22  Sentry  
  62  6:29  Immortal (Chrono Boost)  
  66  6:35  Probe  
  67  6:47  Probe (Chrono Boost)  
  67  6:49  Observer  
  67  6:51  Observer  
  68  6:59  Probe (Chrono Boost)  
  68  7:00  Twilight Council  
  70  7:02  Probe (Chrono Boost)  
  70  7:07  Immortal  
  74  7:10  Probe (Chrono Boost)  
  74  7:11  Probe (Chrono Boost)  
  76  7:19  Probe  
  76  7:21  Probe, Pylon  
  76  7:22  Assimilator  
  78  7:25  Assimilator  
  79  7:37  Gateway  
  79  7:40  Gateway  
  78  7:49  Forge  
  78  7:50  Sentry  
  80  7:55  Probe x2  
  82  8:01  Observer  
  82  8:06  Sentry, Stalker, Pylon  
  82  8:11  Observer  
  87  8:24  Nexus  
  87  8:32  Shield Battery, Probe  
  87  8:33  Probe  
  89  8:38  Stalker  
  82  8:57  Stalker  
  82  8:58  Stalker x3  
Tags
 
Add a new tag
Caveats
  • Supply blocks, unpowered buildings, or Contaminate may cause inaccurate times.
  • Supply counts are checked every 10 seconds.